 Dungeon Crawl Stone Soup version 0.29.1-1-gd02db6906a (webtiles) character file.

Game seed: 4694205381237636355

32 Ashen the Firebug (level 3, 0/25 HPs)
             Began as a Demonspawn Fire Elementalist on Oct 8, 2022.
             Succumbed to an adder's poison
             ... on level 2 of the Dungeon.
             The game lasted 00:02:25 (1090 turns).

Ashen the Firebug (Demonspawn Fire Elementalist)    Turns: 1090, Time: 00:02:26

Health: 0/25       AC:  2    Str:  8    XL:     3   Next: 8%
Magic:  6/6        EV: 12    Int: 18    God:
Gold:   21         SH:  0    Dex: 13    Spells: 5/6 levels left

rFire   . . .      SeeInvis .   f - +2 dagger (venom)
rCold   . . .      Faith    .   (no shield)
rNeg    . . .      Spirit   .   a - +0 robe
rPois   .          Reflect  .   (no helmet)
rElec   .          Harm     .   (no cloak)
rCorr   .          Rampage  .   (no gloves)
Will    .....                   (no boots)
Stlth   ++........              (no amulet)
HPRegen 0.08/turn               (no ring)
MPRegen 0.10/turn               (no ring)

@: lethally poisoned (0 -> -1)
A: demonic guardian 2
a: no special abilities


You were on level 2 of the Dungeon.
You visited 1 branch of the dungeon, and saw 2 of its levels.

You collected 21 gold pieces.

Inventory:

Hand Weapons
 f - a +2 dagger of venom (weapon)
Armour
 a - a +0 robe (worn)
Magical Staves
 e - a staff of air
Scrolls
 c - a scroll of amnesia {unknown}
 d - 2 scrolls of identify {unknown}
 g - a scroll of vulnerability {unknown}
Potions
 b - a potion of magic


   Skills:
 + Level 0.5 Fighting
 + Level 2.0 Dodging
 + Level 2.0 Stealth
 * Level 2.3 Spellcasting
 * Level 1.6 Conjurations
 * Level 3.0 Fire Magic


You had 5 spell levels left.
You knew the following spells:

 Your Spells              Type           Power      Damage    Failure   Level
a - Foxfire               Conj/Fire      40%        2x1d6     7%          1

Your spell library contained the following spells:

 Spells                   Type           Power      Damage    Failure   Level
 Scorch                   Fire           26%        2d6       8%          2
 Conjure Flame            Conj/Fire      10%        6-21      21%         3
 Inner Flame              Hex/Fire       7%         N/A       28%         3
 Flame Wave               Conj/Fire      10%        2d6       56%         4


Dungeon Overview and Level Annotations

Branches:
Dungeon (2/15)

Altars:


Innate Abilities, Weirdness & Mutations

A demonic guardian rushes to your aid.


Message History

Found a sapphire potion.
The adder bites you.
You are poisoned.
The adder poisons you!
You hit the adder.
The adder is poisoned.
The adder is moderately wounded.
You feel sick. The adder barely misses you.
You closely miss the adder.
The adder is moderately wounded.
You feel sick. The adder bites you.
You are lethally poisoned!
The adder poisons you!
You hit the adder.
The adder looks as sick as possible!
The adder is heavily wounded.
You feel very sick. The adder barely misses you. The adder bites you.
The adder attacks as you move away! The adder barely misses you.
* * * LOW HITPOINT WARNING * * *
You feel sick.
You kill the adder!
Your Fire Magic skill increases to level 3!
You have reached level 3!
Your experience leads to an increase in your attributes!
Increase (S)trength, (I)ntelligence, or (D)exterity?
You feel clever. x2; Your demonic ancestry asserts itself...
Your guardian grows in power.
Okay, then.
Found 7 gold pieces and a scroll labelled YXUYTT DABE.
* * * LOW HITPOINT WARNING * * *
You feel sick.
* * * LOW HITPOINT WARNING * * *
You feel sick.
* * * LOW HITPOINT WARNING * * *
You feel sick.
A rat comes into view.
* * * LOW HITPOINT WARNING * * *
You feel sick.
* * * LOW HITPOINT WARNING * * *
You feel sick.
Found a scroll labelled QAFUSTR KARCHA.
You die...

##..###.........
#...##.........
.......#..#.........
....#####....†...>..
....######..........
. .$................
...######.........
#.......<........
#r....@...)......
?.................
##.......!........
#########..?....
#...... ######


You could see a rat (asleep).

Vanquished Creatures
  An adder (D:2)
  An endoplasm (D:2)
  A giant cockroach (D:2)
  2 goblins (D:1)
  2 hobgoblins (D:2)
  A quokka (D:1)
  2 ball pythons (D:2)
  8 kobolds
  A rat (D:1)
19 creatures vanquished.

Vanquished Creatures (collateral kills)
  A worm (D:2)
1 creature vanquished.

Vanquished Creatures (others)
  30 foxfires
30 creatures vanquished.

Grand Total: 50 creatures vanquished

Notes
Turn   | Place    | Note
-------+----------+-------------------------------------------
     0 | D:1      | Ashen the Demonspawn Fire Elementalist began the quest for
                  | the Orb.
     0 | D:1      | Reached XP level 1. HP: 13/13 MP: 3/3
   582 | D:1      | Gained mutation: A weak demonic guardian rushes to your
                  | aid. [demonic ancestry]
   582 | D:1      | Reached XP level 2. HP: 19/19 MP: 1/5
   667 | D:1      | You fall into a shaft and drop 1 floor!
  1085 | D:2      | Reached skill level 3 in Fire Magic
  1085 | D:2      | Gained mutation: A demonic guardian rushes to your aid.
                  | [demonic ancestry]
  1085 | D:2      | Reached XP level 3. HP: 6/25 MP: 6/6
  1089 | D:2      | HP: 1/25 [poisoned by an adder]
  1090 | D:2      | Succumbed to an adder's poison

Illustrated notes

Levels and vault maps discovered:
D:1:      denvon_arrival_waterhouse, layout_basic
D:2:      layout_rooms, uniq_terence

Skill      XL: |  1  2 |
---------------+-------+-----
Dodging        | 2 |  2.0
Stealth        | 2 |  2.0
Fire Magic     | 3 |  3.0
Fighting       | |  0.5
Spellcasting   | |  2.3
Conjurations   | |  1.6

Action                   || total
-------------------------++-------
Melee: Staff             ||     8
       Unarmed           ||     6
       Dagger            ||    18
 Cast: Foxfire           ||    18
  Use: Potion            ||     1
 Stab: Sleeping          ||     1
Armor: Robe              ||     6
Dodge: Dodged            ||    33
